 Dungeon Crawl Stone Soup version 0.28.0-47-ge53b351184 (webtiles) character file.

Game seed: 5799898556831543017

55 klau3 the Grave Robber (level 3, -5/24 HPs)
             Began as a Mummy Necromancer on May 6, 2022.
             Killed from afar by Sigmund (7 damage)
             ... with a magic dart
             ... on level 2 of the Dungeon.
             The game lasted 00:09:28 (1627 turns).

klau3 the Grave Robber (Mummy Necromancer)          Turns: 1627, Time: 00:09:29

Health: -5/24      AC:  5    Str: 11    XL:     3   Next: 67%
Magic:  7/8        EV: 10    Int: 14    God:
Gold:   62         SH:  0    Dex: 14    Spells: 4/9 levels left

rFire   x . .      SeeInvis .   (no weapon)
rCold   + . .      Faith    .   (no shield)
rNeg    + + +      Spirit   .   g - +0 ring mail
rPois   ∞          Reflect  .   (no helmet)
rElec   .          Harm     .   (no cloak)
rCorr   .          Rampage  .   (no gloves)
Will    .....                   (no boots)
Stlth   +.........              (no amulet)
HPRegen 0.08/turn               (no ring)
MPRegen 0.11/turn               (no ring)

@: no status effects
A: cold resistance 1, negative energy resistance 3, torment resistance 2, heat
vulnerability 1, no potions
a: no special abilities


You were on level 2 of the Dungeon.
You visited 1 branch of the dungeon, and saw 2 of its levels.

You collected 62 gold pieces.

Inventory:

Hand Weapons
 e - a +0 hunting sling
Armour
 a - a +0 robe
 c - a +2 barding
 g - a +0 ring mail (worn)
Scrolls
 b - a scroll of noise {unknown}
 d - a scroll of teleportation {unknown}
 f - a scroll of blinking {unknown}
 h - a scroll of fear {unknown}


   Skills:
 + Level 0.2 Armour
 + Level 1.5 Dodging
 + Level 1.6 Stealth
 + Level 3.6 Spellcasting
 + Level 4.9 Necromancy


You had 4 spell levels left.
You knew the following spells:

 Your Spells              Type           Power      Damage    Failure   Level
a - Pain                  Necr           64%        1d7       7%          1
b - Animate Skeleton      Necr           32%        N/A       7%          1
c - Vampiric Draining     Necr           16%        2d7       21%         3

Your spell library contained the following spells:

 Spells                   Type           Power      Damage    Failure   Level
 Animate Dead             Necr           8%         N/A       54%         4
 Agony                    Necr           16%        N/A       88%         5


Dungeon Overview and Level Annotations

Branches:
Dungeon (2/15)

Altars:

Annotations:
D:2 Sigmund


Innate Abilities, Weirdness & Mutations

You are immune to poison.
Your flesh is cold resistant. (rC+)
You are immune to negative energy. (rN+++)
You are immune to unholy pain and torment.
You are vulnerable to heat. (rF-)
You do not drink.


Message History

Sigmund flickers and vanishes!
Deactivating autopickup; reactivate with Ctrl-A.
The ball python bites you. The ball python grabs you.
The ball python constricts you.
You escape the ball python's grasp.
The ball python barely misses you. The ball python closely misses you.
Aiming: Pain (safe; 7% risk of failure)
Press: ? - help, Q - select action, (/) - cycle Shift-Dir - straight line, f - you That beam is likely to hit you.
Continue anyway? [Y]es or [N]o only, please.
That beam is likely to hit you.
Continue anyway? [Y]es or [N]o only, please.
That beam is likely to hit you.
Continue anyway? [Y]es or [N]o only, please.
That beam is likely to hit you.
Continue anyway?
Okay, then.
You closely miss the quokka. The ball python barely misses you. x2
The quokka bites you.
Aiming: Pain (safe; 7% risk of failure)
Press: ? - help, Q - select action, (/) - cycle Shift-Dir - straight line, f - ball python
Aim: a ball python (chance to affect: 86%)
The ball python writhes in agony.
You kill the ball python!
The quokka closely misses you.
The quokka bites you but does no damage.
Aiming: Pain (safe; 7% risk of failure)
Press: ? - help, Q - select action, (/) - cycle Shift-Dir - straight line, f - quokka
Aim: a quokka (chance to affect: 86%)
The quokka writhes in agony.
You kill the quokka!
Something tries to affect you, but you resist.
A magic dart appears from out of thin air!
The magic dart hits you!
* * * LOW HITPOINT WARNING * * *
A magic dart appears from out of thin air!
The magic dart hits you.
* * * LOW HITPOINT WARNING * * *
A magic dart appears from out of thin air!
The magic dart hits you!
You die...

...# ####.[ ...## #.....
....# .....### ....# .....
....# ######..# ....#
........#
.†..##############.#######.
###...†..{.......#.........
#############.@...#######
####....# ####<# ###


There were no monsters in sight!

Vanquished Creatures
  2 adders
  2 bats
  2 endoplasms (D:1)
  A giant cockroach (D:2)
  6 goblins (D:1)
  3 hobgoblins (D:1)
  3 kobolds
  2 quokkas
  7 ball pythons
  4 frilled lizards
  3 rats
35 creatures vanquished.

Notes
Turn   | Place    | Note
-------+----------+-------------------------------------------
     0 | D:1      | klau3 the Mummy Necromancer began the quest for the Orb.
     0 | D:1      | Reached XP level 1. HP: 13/13 MP: 4/4
   262 | D:1      | Reached XP level 2. HP: 19/19 MP: 3/5
   830 | D:2      | Noticed Sigmund
  1152 | D:2      | Found a faded altar of an unknown god.
  1227 | D:1      | Reached XP level 3. HP: 18/24 MP: 0/7
  1421 | D:2      | Learned a level 1 spell: Animate Skeleton
  1425 | D:2      | Learned a level 3 spell: Vampiric Draining
  1627 | D:2      | Killed from afar by Sigmund

Illustrated notes

Levels and vault maps discovered:
D:1:      dpeg_arrival_orchard, layout_rooms, kennysheep_flooded_box
D:2:      kb_forest_paths, layout_basic, nicolae_ecumenical_snake_handling,
          minmay_pentomino_o4, uniq_sigmund

Skill      XL: |  1  2 |
---------------+-------+-----
Spellcasting   | 3 |  3.6
Armour         | |  0.2
Dodging        | |  1.5
Stealth        | |  1.6
Necromancy     | |  4.9

Action                   || total
-------------------------++-------
Melee: Unarmed           ||     7
 Cast: Pain              ||    72
       Animate Skeleton  ||     1
Armor: Robe              ||     2
       Ring mail         ||    32
Dodge: Dodged            ||    44
